 Dungeon Crawl Stone Soup version 0.20.1-1-g8b1a95d (webtiles) character file.

31791 dvd the Unseen (level 13, -7/68 HPs)
             Began as a Felid Transmuter on Oct 7, 2017.
             Was the Champion of Dithmenos.
             Mangled by a meliai
             ... wielding a +0 war axe of flaming
              (9 damage)
             ... on level 2 of the Spider Nest on Oct 9, 2017.
             The game lasted 02:23:09 (39581 turns).

dvd the Unseen (Felid Transmuter)                  Turns: 39581, Time: 02:23:10

Health: -7/68      AC: -1    Str:  9    XL:     13   Next: 27%
Magic:  26/29      EV: 29    Int: 20    God:    Dithmenos [******]
Gold:   1853       SH:  6    Dex: 21    Spells: 0/34 levels left
                                        Lives:  0   Deaths: 4

rFire    . . .     SeeInvis +     - Unarmed
rCold    + + .     Gourm    .   (shield unavailable)
rNeg     . . .     Faith    .   (armour unavailable)
rPois    +         Spirit   .   (helmet unavailable)
rElec    .         Reflect  +   (cloak unavailable)
rCorr    .         Harm     .   (gloves unavailable)
MR       +....                  (boots unavailable)
Stlth    ++++++++++             E - +6 amulet of reflection
Regen    0.3/turn               w - ring of poison resistance
MPRegen  0.3/turn               v - ring "Uvoluv" {rC+ Str+3 Dex+3}

@: about to teleport, blade paws, corroded, wreathed by umbra, studying Stealth,
quick
A: no armour, no weapons or thrown items, stealth, claws 1, fangs 3, camouflage
1, see invisible, carnivore 3, speed 1, robust 1, shaggy fur 3, slow metabolism
1
a: End Transformation, Shadow Step, Shadow Form, Renounce Religion


You were on level 2 of the Spider Nest.
You worshipped Dithmenos.
Dithmenos was exalted by your worship.
You were not hungry.
You had blades for front paws.
You visited 5 branches of the dungeon, and saw 26 of its levels.

You collected 2733 gold pieces.
You spent 880 gold pieces at shops.

Inventory:

Missiles
 a - 734 arrows
Jewellery
 l - an uncursed amulet of guardian spirit
 q - an uncursed ring of fire
 r - an uncursed ring of positive energy
 u - an uncursed ring of stealth
 v - the ring "Uvoluv" (right scythe-like blade) {rC+ Str+3 Dex+3}
   (You took it off a centaur on level 12 of the Dungeon)

   [ring of strength]

   It affects your strength (+3).
   It affects your dexterity (+3).
   It protects you from cold.
 w - a ring of poison resistance (left scythe-like blade)
 E - a +6 amulet of reflection (around neck)
 K - an uncursed ring of magical power
Wands
 m - a wand of digging (15/24)
 p - a wand of acid (3/15)
 A - a wand of scattershot (2/9)
 B - a wand of iceblast (3/15)
 C - a wand of acid (2/15)
 J - a wand of enslavement (11/24)
Scrolls
 j - 8 scrolls of remove curse
 k - 9 scrolls of identify
 n - 4 scrolls of amnesia
 o - 2 scrolls of blinking
 y - 13 scrolls of teleportation
 H - a scroll of recharging
Potions
 d - 3 potions of agility
 e - 9 potions of curing
 f - 2 potions of berserk rage
 g - 2 potions of mutation
 i - a potion of might
 x - a potion of heal wounds
 z - 4 potions of magic
Books
 b - a book of Changes

   Spells                             Type                      Level
   a - Beastly Appendage              Transmutation                1
   b - Sticks to Snakes               Transmutation                2
   c - Spider Form                    Transmutation/Poison         3
   d - Ice Form                       Ice/Transmutation            4
   e - Blade Hands                    Transmutation                5
 h - a book of Clouds

   Spells                             Type                      Level
   a - Poisonous Vapours              Poison/Air                   2
   b - Mephitic Cloud                 Conjuration/Poison/Air       3
   c - Conjure Flame                  Conjuration/Fire             3
   d - Freezing Cloud                 Conjuration/Ice/Air          6
   e - Ring of Flames                 Charms/Fire                  7
 s - a book of Conjurations

   Spells                             Type                      Level
   a - Magic Dart                     Conjuration                  1
   b - Searing Ray                    Conjuration                  2
   c - Dazzling Spray                 Conjuration/Hexes            3
   d - Fulminant Prism                Conjuration/Hexes            4
   e - Force Lance                    Conjuration/Translocation    4
   f - Iskenderun's Mystic Blast      Conjuration                  4
 D - a book of Alchemy

   Spells                             Type                      Level
   a - Sublimation of Blood           Necromancy                   2
   b - Ignite Poison                  Fire/Transmutation/Poison    3
   c - Petrify                        Transmutation/Earth          4
   d - Alistair's Intoxication        Transmutation/Poison         5
   e - Irradiate                      Conjuration/Transmutation    5
 F - a manual of Stealth
 G - a book of Transfigurations

   Spells                             Type                      Level
   a - Irradiate                      Conjuration/Transmutation    5
   b - Statue Form                    Transmutation/Earth          6
   c - Hydra Form                     Transmutation                6
   d - Dragon Form                    Transmutation                7
 I - a book of Cantrips

   Spells                             Type                      Level
   a - Confusing Touch                Hexes                        1
   b - Animate Skeleton               Necromancy                   1
   c - Summon Small Mammal            Summoning                    1
   d - Apportation                    Translocation                1
 L - a book of Battle

   Spells                             Type                      Level
   a - Infusion                       Charms                       1
   b - Shroud of Golubria             Charms/Translocation         2
   c - Song of Slaying                Charms                       2
   d - Spectral Weapon                Hexes/Charms                 3
   e - Regeneration                   Charms/Necromancy            3
Comestibles
 c - 15 meat rations
 t - 11 royal jellies


   Skills:
 * Level 10.7 Fighting
 + Level 11.1 Dodging
 * Level 15.7 Stealth
 + Level 14.8 Unarmed Combat
 + Level 11.1 Spellcasting
 + Level 2.2 Charms
 + Level 1.2 Necromancy
 * Level 15.1 Transmutations
 + Level 4.3 Ice Magic
 + Level 0.6 Earth Magic
 + Level 2.3 Evocations


You couldn't memorise any spells.
You knew the following spells:

 Your Spells              Type           Power        Failure   Level  Hunger
a - Petrify               Tmut/Erth      #####...     22%         4    ##.....
b - Sticks to Snakes      Tmut           ######..     4%          2    None
c - Regeneration          Chrm/Necr      ###.......   43%         3    None
d - Ice Form              Ice/Tmut       ######..     16%         4    ##.....
e - Blade Hands           Tmut           ######....   11%         5    ####...
f - Irradiate             Conj/Tmut      #####.....   41%         5    ####...
g - Hydra Form            Tmut           ######....   21%         6    ######.
h - Dazzling Spray        Conj/Hex       ##....       61%         3    None
i - Shroud of Golubria    Chrm/Tloc      ###.......   36%         2    None


Dungeon Overview and Level Annotations

Branches:
Dungeon (15/15)            Temple (1/1) D:4            Lair (6/6) D:10
 Shoals (0/4) Lair:4       Spider (2/4) Lair:3        Slime (0/5) Lair:5
    Orc (2/2) D:12            Elf (0/3) Orc:2        Vaults (0/5) D:13
 Depths (0/5) D:15

Altars:
Ashenzari
Cheibriados
Dithmenos
Elyvilon
Fedhas
Gozag
Hepliaklqana
Kikubaaqudgha
Makhleb
Nemelex Xobeh
Okawaru
Qazlal
Ru
Sif Muna
Trog
Uskayaw
Vehumet
Xom
Yredelemnul
Zin
The Shining One
Beogh
Jiyva

Shops:
D:4 *   Orc:1 =   Orc:2 *(*=:


Innate Abilities, Weirdness & Mutations

You cannot wear armour.
You are incapable of wielding weapons or throwing items.
Your paws allow you to move quietly. (Stealth)
You have sharp claws.
You have razor-sharp teeth.
You have supernaturally acute eyesight. (SInv)
You are carnivorous and can eat meat at any time.
You cover ground quickly.
Your thick and shaggy fur keeps you warm. (AC +3, rC+)
You have a slow metabolism.
((Your sharp claws are effective at attacking unaware monsters.))
Your skin changes colour to match your surroundings (Stealth+).
You are robust. (+10% HP)


Message History

The meliai completely misses you. The meliai misses you.
The redback misses you. The meliai misses you.
The meliai completely misses you.
Unknown command.
As you read the scroll of teleportation, it crumbles to dust.
You feel strangely unstable.
The meliai hits you with a war axe of flaming!
The meliai burns you. The meliai barely misses you.
The wolf spider barely misses you. The wolf spider closely misses you.
The redback closely misses you. You block the meliai's attack.
The meliai completely misses you. The wolf spider barely misses you. x2
The meliai completely misses you. The meliai closely misses you.
The redback misses you. The meliai hits you with a war axe!
The meliai stings you!
* * * LOW HITPOINT WARNING * * *
The meliai mumbles some strange prayers to its god against you.
Something smites you!
* * * LOW HITPOINT WARNING * * *
The meliai hits you with a war axe of flaming!
You die...

≈≈.. ##≈..
.....########
......#.#...##
......#.s.§.≈#
.....§§§s@..#
.....§§§y§..#
.....§a§y§..#
.....§§§§§§.#
.....§§§§§###
..sy..###.#
...ay####.###
..sy......##
.y.........##
....


You could see an entropy weaver, a wolf spider, a redback and 2 meliai.

Vanquished Creatures
  An emperor scorpion (Spider:1)
  A stone giant (Orc:1)
  The ghost of Frank the Carver, a journeyman OpFi of Gozag (Spider:1)
  A dire elephant (Lair:6)
  Josephine (D:11)
  Fannar (Orc:1)
  11 hydras
  The ghost of Feta the Peltast, a journeyman MiFi of Makhleb (D:12)
  8 vault guards (D:13)
  Erolcha (D:11)
  Harold (Lair:4)
  A catoblepas (Lair:6)
  7 centaur warriors
  2 two-headed ogres
  An ogre mage (D:15)
  A death knight (D:15)
  A deep troll shaman (Lair:6)
  14 death yaks
  8 orc high priests
  Nergalle (Orc:1)
  A skeletal warrior (D:15)
  A deep troll (D:15)
  2 unseen horrors
  Pikel (D:7)
  An orc knight (D:12)
  An orb spider (Spider:1)
  7 wolf spiders
  6 ugly things
  3 deep elf magi
  3 cyclopes
  2 orc sorcerers (Orc:1)
  5 centaur zombies
  2 merfolk sirens (Lair:4)
  16 elephants
  A torpor snail (shapeshifter) (D:15)
  2 black mambas
  2 gargoyles
  2 rime drakes
  2 demonic crawlers (Spider:1)
  A kobold demonologist (D:13)
  An efreet (D:14)
  10 spiny frogs
  2 freezing wraiths
  6 komodo dragons
  8 trolls
  13 meliai
  A tengu conjurer (D:12)
  A queen bee (Lair:5)
  4 polar bears
  3 jumping spiders
  7 hornets
  A wind drake (shapeshifter) (D:15)
  4 blink frogs
  A meliai zombie (D:13)
  6 hippogriffs
  4 dream sheep (Lair:6)
  2 slime creatures (D:13)
  A centaur simulacrum (D:15)
  A shadow (D:13)
  3 wyverns
  11 redbacks
  2 water elementals (D:15)
  A spriggan (D:8)
  9 wraiths
  Eustachio (D:5)
  5 tarantellas
  26 yaks
  A basilisk (Lair:6)
  A steam dragon (D:12)
  3 vampire mosquitoes (D:15)
  3 hungry ghosts
  2 soldier ants
  13 wargs
  Edmund (D:6)
  8 water moccasins
  8 porcupines
  7 ice beasts
  3 black bears
  3 sky beasts
  A slave (D:7)
  2 phantoms (D:12)
  30 orc warriors
  14 ogres
  A necrophage (D:14)
  3 wolves (Lair:6)
  22 centaurs
  12 crocodiles
  3 big kobolds
  20 bullfrogs
  2 gnoll sergeants (D:4)
  3 scorpions
  A water moccasin skeleton (D:9)
  14 killer bees
  11 wights
  2 electric eels (Lair:1)
  2 howler monkeys
  4 crimson imps
  4 jellies
  4 quasits
  3 bullfrog zombies
  4 centaur skeletons
  4 hounds
  Crazy Yiuf (D:7)
  43 orc priests
  5 bullfrog skeletons
  4 iguanas
  Natasha (D:3)
  Terence (D:3)
  25 orc wizards
  8 worker ants
  A hell rat (D:10)
  2 hound zombies
  A hound skeleton (D:5)
  7 gnolls
  A worker ant zombie (D:10)
  A howler monkey skeleton (D:10)
  4 river rats (D:10)
  5 adders
  6 shadow imps
  3 oozes
  2 adder skeletons
  2 worms
  2 dart slugs
  5 leopard geckos
  113 orcs
  11 giant cockroaches
  3 goblins
  5 hobgoblins
  10 jackals
  2 quokkas
  A ball python (D:2)
  8 bats
  5 frilled lizards
  A jackal zombie (D:5)
  27 kobolds
  A leopard gecko zombie (D:8)
  A quokka skeleton (D:6)
  24 rats
820 creatures vanquished.

Vanquished Creatures (collateral kills)
  An orc warlord (Orc:1)
  A two-headed ogre (D:12)
  A death yak (Lair:4)
  An orc knight (Orc:1)
  An ugly thing (D:15)
  An elephant (Lair:6)
  A komodo dragon (Lair:5)
  A troll (D:12)
  A water moccasin (Lair:6)
  A killer bee (Lair:5)
  4 adders
  An orc (Orc:1)
  A hobgoblin (D:2)
  A ball python (D:2)
  A kobold (D:2)
18 creatures vanquished.

Vanquished Creatures (others)
  A slave (D:7)
  A scorpion (D:7)
  An adder zombie (D:7)
  An orc (Orc:2)
  2 bushes
  27 fungi
  19 plants
52 creatures vanquished.

Grand Total: 890 creatures vanquished

Notes
Turn   | Place    | Note
-------+----------+-------------------------------------------
     0 | D:1      | dvd the Felid Transmuter began the quest for the Orb.
     0 | D:1      | Reached XP level 1. HP: 9/9 MP: 4/4
    84 | D:1      | Reached XP level 2. HP: 5/12 MP: 4/6
   576 | D:1      | Reached XP level 3. HP: 15/15 MP: 5/7
   816 | D:1      | Learned a level 2 spell: Sticks to Snakes
  1469 | D:2      | Reached skill level 1 in Stealth
  1518 | D:2      | Reached XP level 4. HP: 9/19 MP: 1/9
  1874 | D:2      | Learned a level 3 spell: Spider Form
  2210 | D:3      | Found a faded altar of an unknown god.
  2386 | D:3      | Noticed Natasha
  2887 | D:3      | Killed Natasha
  2887 | D:3      | Reached XP level 5. HP: 15/22 MP: 4/10
  3167 | D:3      | Noticed Terence
  3175 | D:3      | Killed Terence
  3325 | D:4      | Found a shadowy altar of Dithmenos.
  3343 | D:4      | Became a worshipper of Dithmenos the Shadowed
  3352 | D:4      | Found a staircase to the Ecumenical Temple.
  3362 | Temple   | Entered the Ecumenical Temple
  3605 | D:4      | Found an opulent altar of Gozag.
  3653 | D:4      | Found Gozag's Platinum Reserve.
  3836 | D:4      | Gained mutation: You are covered in thick fur. (AC +2) [Felid growth]
  3836 | D:4      | Reached XP level 6. HP: 8/25 MP: 3/12
  4456 | D:4      | Reached skill level 5 in Unarmed Combat
  4523 | D:5      | Entered Level 5 of the Dungeon
  4523 | D:5      | Noticed a sky beast
  4556 | D:4      | Killed a sky beast
  4556 | D:4      | Reached XP level 7. HP: 15/28 MP: 4/13
  5097 | D:4      | Learned a level 4 spell: Ice Form
  5162 | D:5      | Found a shattered altar of Ashenzari.
  6069 | D:5      | Noticed Eustachio
  6599 | D:6      | Reached skill level 5 in Transmutations
  6748 | D:6      | Reached * piety under Dithmenos
  6887 | D:6      | Reached XP level 8. HP: 28/32 MP: 12/15
  6978 | D:6      | Noticed Edmund
  7166 | D:5      | Learned a level 5 spell: Blade Hands
  7297 | D:6      | Found a glowing golden altar of the Shining One.
  7401 | D:6      | Reached skill level 5 in Dodging
  7737 | D:7      | Noticed Pikel
  8040 | D:7      | Killed Pikel
  8040 | D:7      | Reached skill level 1 in Ice Magic
  8183 | D:7      | Reached skill level 5 in Spellcasting
  8220 | D:7      | Reached skill level 5 in Stealth
  8292 | D:7      | Found a deep blue altar of Sif Muna.
  8459 | D:7      | Reached XP level 9. HP: 36/36 MP: 11/17
  8675 | D:7      | Found a runed door.
  8680 | D:7      | Noticed Crazy Yiuf
  8686 | D:7      | Killed Crazy Yiuf
  8844 | D:6      | Killed Edmund
  9707 | D:5      | Killed Eustachio
 10308 | D:8      | Reached ** piety under Dithmenos
 10407 | D:8      | Gained mutation: You expend magic power (3 MP) to strengthen your wands. [potion of mutation]
 10407 | D:8      | Gained mutation: You have a pair of small horns on your head. [potion of mutation]
 10468 | D:8      | Found a burning altar of Makhleb.
 10749 | D:9      | Reached XP level 10. HP: 39/40 MP: 16/19
 11727 | D:10     | Entered Level 10 of the Dungeon
 11885 | D:10     | Reached *** piety under Dithmenos
 12133 | D:10     | Noticed a gargoyle
 12147 | D:10     | Killed a gargoyle
 12374 | D:10     | Noticed a death yak
 12710 | D:10     | Found a staircase to the Lair.
 12733 | D:10     | Noticed a death yak
 12795 | D:10     | Noticed a death yak
 13100 | D:9      | Reached skill level 10 in Transmutations
 13635 | D:11     | Noticed Josephine
 13735 | D:11     | Noticed Erolcha
 13828 | D:11     | Gained mutation: You are dopey. (Int -2) [mutagenic meat]
 13832 | D:11     | Gained mutation: You are partially covered in yellow scales. (AC +2) [mutagenic meat]
 13833 | D:11     | Gained mutation: You are agile. (Dex +2) [mutagenic meat]
 14014 | D:11     | Killed Erolcha
 14014 | D:11     | Reached XP level 11. HP: 43/43 MP: 17/22
 14136 | D:11     | Killed Josephine
 14393 | D:10     | Reached **** piety under Dithmenos
 15402 | D:10     | Killed a death yak
 15437 | D:10     | Killed a death yak
 15953 | D:9      | Killed a death yak
 15953 | D:9      | Reached skill level 10 in Unarmed Combat
 16108 | Lair:1   | Entered Level 1 of the Lair of Beasts
 16139 | Lair:1   | Noticed a five-headed hydra
 16155 | Lair:1   | Mangled by a five-headed hydra
 16156 | Lair:1   | Reached XP level 10. HP: -9/42 MP: 0/22
 16893 | Lair:1   | Killed a five-headed hydra
 16893 | Lair:1   | Reached XP level 11. HP: 42/45 MP: 8/23
 17393 | Lair:2   | Reached skill level 1 in Evocations
 17432 | Lair:2   | Noticed a five-headed hydra
 17451 | Lair:2   | Killed a five-headed hydra
 17602 | Lair:2   | You fall through a shaft!
 17623 | Lair:3   | Found a hole to the Spider Nest.
 19040 | Lair:3   | Reached skill level 5 in Fighting
 19349 | Lair:3   | Noticed a four-headed hydra
 19361 | Lair:3   | Killed a four-headed hydra
 19694 | Lair:3   | Reached ***** piety under Dithmenos
 19870 | Lair:4   | Noticed Harold
 19875 | Lair:4   | Killed Harold
 19941 | Lair:4   | Gained mutation: Your thick and shaggy fur keeps you warm. (AC +3, rC+) [Felid growth]
 19941 | Lair:4   | Reached XP level 12. HP: 32/51 MP: 15/25
 20186 | Lair:4   | Found a staircase to the Shoals.
 20231 | Lair:4   | Noticed a death yak
 20231 | Lair:4   | Noticed a death yak
 20231 | Lair:4   | Noticed a death yak
 20232 | Lair:4   | Noticed a death yak
 20232 | Lair:4   | Noticed a death yak
 20232 | Lair:4   | Noticed a death yak
 20279 | Lair:4   | Killed a death yak
 20580 | Lair:4   | Learned a level 4 spell: Petrify
 20800 | Lair:4   | Noticed a six-headed hydra
 20858 | Lair:4   | Killed a six-headed hydra
 20957 | Lair:4   | Noticed a four-headed hydra
 20971 | Lair:4   | Killed a four-headed hydra
 21159 | Lair:4   | Killed a death yak
 21348 | Lair:4   | Killed a death yak
 21614 | Lair:4   | Killed a death yak
 21616 | Lair:4   | Killed a death yak
 21625 | Lair:4   | Killed a death yak
 22475 | Lair:5   | Noticed a seven-headed hydra
 22481 | Lair:5   | Killed a seven-headed hydra
 22645 | Lair:5   | Found a staircase to the Slime Pits.
 22646 | Lair:5   | Found a viscous altar of Jiyva.
 23213 | Lair:4   | Noticed a six-headed hydra
 23221 | Lair:4   | Killed a six-headed hydra
 23221 | Lair:4   | Reached XP level 13. HP: 55/57 MP: 15/27
 24150 | Lair:6   | Entered Level 6 of the Lair of Beasts
 24428 | Lair:6   | Reached skill level 10 in Stealth
 24737 | Lair:6   | Learned a level 5 spell: Irradiate
 26947 | Lair:6   | Reached skill level 10 in Dodging
 27008 | Lair:6   | Noticed a dire elephant
 27079 | Lair:6   | Killed a dire elephant
 27079 | Lair:6   | Reached skill level 10 in Spellcasting
 27327 | Lair:6   | Reached XP level 14. HP: 35/63 MP: 14/29
 27844 | D:12     | Noticed Feta's ghost (journeyman MiFi)
 27864 | D:12     | Killed Feta's ghost
 27945 | D:12     | Found a staircase to the Orcish Mines.
 28035 | D:12     | Got a steaming bone ring
 28037 | D:12     | Identified the ring "Uvoluv" {rC+ Str+3 Dex+3} (You took it off a centaur on level 12 of the Dungeon)
 28532 | D:12     | Found a shattered altar of Ashenzari.
 28565 | Orc:1    | Entered Level 1 of the Orcish Mines
 28565 | Orc:1    | Noticed Fannar
 28565 | Orc:1    | Noticed Nergalle
 28568 | Orc:1    | Killed Fannar
 28571 | Orc:1    | Killed Nergalle
 28583 | Orc:1    | Found a shimmering altar of Xom.
 28899 | Orc:1    | Found Comets's Jewellery Emporium.
 28910 | Orc:1    | Noticed a stone giant
 29240 | Orc:1    | Killed a stone giant
 29597 | Orc:2    | Entered Level 2 of the Orcish Mines
 29774 | Orc:2    | Reached ****** piety under Dithmenos
 30568 | Orc:2    | Noticed an orc warlord
 31257 | Orc:1    | Killed an orc warlord
 31577 | Orc:2    | Found a staircase to the Elven Halls.
 32285 | Orc:2    | Killed from afar by an orc high priest
 32286 | Orc:2    | Reached XP level 13. HP: -1/60 MP: 0/28
 32614 | Orc:2    | Found a roughly hewn altar of Beogh.
 32633 | Orc:2    | Found Wiog's Jewellery Shop.
 32633 | Orc:2    | Found Ifunt's Book Shoppe.
 32647 | Orc:2    | Bought a book of Transfigurations for 880 gold pieces
 32656 | Orc:2    | Learned a level 6 spell: Hydra Form
 32822 | Orc:2    | Found Oniq's Assorted Antiques.
 32899 | Orc:2    | Found Aptadim's Assorted Antiques.
 32899 | Orc:2    | Found Miru's Antique Weapon Shoppe.
 34018 | D:13     | Found a gate to the Vaults.
 34029 | D:13     | Reached XP level 14. HP: 46/65 MP: 17/29
 34281 | D:13     | Learned a level 3 spell: Dazzling Spray
 34620 | D:13     | Reached skill level 10 in Fighting
 35136 | D:14     | Gained mutation: You are very dopey. (Int -4) [mutagenic meat]
 35137 | D:14     | Gained mutation: You are frail. (-10% HP) [mutagenic meat]
 35138 | D:14     | Lost mutation: You are frail. (-10% HP) [mutagenic meat]
 35561 | D:14     | Learned a level 3 spell: Regeneration
 35564 | D:14     | Learned a level 2 spell: Shroud of Golubria
 35725 | D:15     | Entered Level 15 of the Dungeon
 35760 | D:15     | HP: 3/85 [centaur warrior (4)]
 36283 | D:15     | Reached skill level 1 in Charms
 36364 | D:15     | Found a staircase to the Depths.
 36376 | D:15     | HP: 1/85 [deep troll (4)]
 37174 | D:15     | Reached skill level 1 in Necromancy
 37889 | D:15     | Lost mutation: You are agile. (Dex +2) [potion of mutation]
 37889 | D:15     | Lost mutation: You have a pair of small horns on your head. [potion of mutation]
 37889 | D:15     | Lost mutation: You are very dopey. (Int -4) [potion of mutation]
 37889 | D:15     | Lost mutation: You are dopey. (Int -2) [potion of mutation]
 37889 | D:15     | Lost mutation: You expend magic power (3 MP) to strengthen your wands. [potion of mutation]
 37889 | D:15     | Lost mutation: You are partially covered in yellow scales. (AC +2) [potion of mutation]
 37889 | D:15     | Gained mutation: Your skin changes colour to match your surroundings (Stealth+). [potion of mutation]
 37889 | D:15     | Gained mutation: You are robust. (+10% HP) [potion of mutation]
 37900 | D:15     | Found a sparkling altar of Nemelex Xobeh.
 38315 | Spider:1 | Entered Level 1 of the Spider Nest
 38351 | Spider:1 | Noticed Frank's ghost (journeyman OpFi)
 38361 | Spider:1 | Killed Frank's ghost
 38361 | Spider:1 | Reached XP level 15. HP: 66/77 MP: 17/30
 38385 | Spider:1 | Reached skill level 15 in Stealth
 38464 | Spider:1 | Reached skill level 15 in Transmutations
 39551 | Spider:2 | Slain by a wolf spider
 39552 | Spider:2 | Reached XP level 14. HP: 0/93 MP: 27/30
 39567 | Spider:2 | Noticed an entropy weaver
 39567 | Spider:2 | Killed from afar by a meliai
 39568 | Spider:2 | Reached XP level 13. HP: -4/68 MP: 25/29
 39581 | Spider:2 | HP: 2/68 [meliai/divine providence (11)]
 39581 | Spider:2 | Mangled by a meliai

Skill      XL: |  1  2  3  4  5  6  7  8  9 10 11 12 13 14 15 |
---------------+----------------------------------------------+-----
Dodging        | 3 4 5 6 8 9 10 11 | 11.1
Stealth        | 1 2 3 4 5 7 8 9 10 14 15 | 15.7
Unarmed Combat | 4 5 6 7 9 11 12 14 | 14.8
Spellcasting   | 3 4 5 6 8 9 10 11 | 11.1
Transmutations | 3 4 5 7 9 10 12 13 14 15 | 15.1
Ice Magic      | 2 3 4 |  4.3
Fighting       | 2 5 7 8 10 | 10.7
Evocations     | 1 2 |  2.3
Charms         | 2 |  2.2
Necromancy     | 1 |  1.2
Earth Magic    | |  0.6

Action                   |  1- 3 |  4- 6 |  7- 9 | 10-12 | 13-15 || total
-------------------------+-------+-------+-------+-------+-------++-------
Melee: Unarmed           |   105 |   139 |   373 |   744 |  1172 ||  2533
       Headbutt          |    11 |    23 |    14 |   121 |   151 ||   320
       Bite              |     7 |     7 |    20 |    68 |   126 ||   228
       Punch             |     2 |       |     4 |    36 |    56 ||    98
 Cast: Beastly Appendage |    24 |    32 |     9 |       |       ||    65
       Sticks to Snakes  |     5 |    12 |    12 |     8 |    24 ||    61
       Spider Form       |       |     5 |    16 |     1 |     1 ||    23
       Blade Hands       |       |       |    22 |    83 |   108 ||   213
       Ice Form          |       |       |     4 |     4 |     3 ||    11
       Hydra Form        |       |       |       |       |    22 ||    22
       Petrify           |       |       |       |       |     2 ||     2
       Regeneration      |       |       |       |       |    21 ||    21
       Irradiate         |       |       |       |       |     6 ||     6
       Shroud of Golubri |       |       |       |       |     4 ||     4
       Dazzling Spray    |       |       |       |       |     2 ||     2
Invok: Shadow Step       |       |       |       |     2 |     1 ||     3
 Abil: End Transformatio |       |       |     3 |     8 |    11 ||    22
Evoke: Wand              |       |       |     1 |    27 |     8 ||    36
  Use: Scroll            |       |       |    13 |    11 |     9 ||    33
       Potion            |       |       |     9 |     5 |    10 ||    24
 Stab: Sleeping          |     3 |     9 |    11 |    34 |    40 ||    97
       Distracted        |       |       |       |     1 |     3 ||     4
       Petrified         |       |       |       |       |     5 ||     5
  Eat: Chunk             |     9 |     7 |    25 |    56 |    77 ||   174
       Meat ration       |       |       |     1 |       |       ||     1
Armor: Skin              |     8 |     5 |    19 |    24 |    67 ||   123
Dodge: Dodged            |   101 |    95 |   297 |   591 |  1196 ||  2280
Block: Other             |       |       |       |       |    19 ||    19
